 Dungeon Crawl Stone Soup version 0.29.0-4-gdea44cf6ec (webtiles) character file.

Game seed: 3169284627614004383

112 qw the Sneak (level 4, -5/28 HPs)
             Began as a Gargoyle Delver on Sept 10, 2022.
             Slain by Edmund
             ... wielding a +1 vorpal dire flail
              (6 damage)
             ... on level 4 of the Dungeon.
             The game lasted 00:01:22 (5407 turns).

qw the Sneak (Gargoyle Delver)                      Turns: 5407, Time: 00:01:23

Health: -5/28      AC: 10    Str: 18    XL:     4   Next: 93%
Magic:  4/4        EV:  9    Int: 10    God:
Gold:   196        SH:  0    Dex: 11    Spells: 3/3 levels left

rFire   . . .      SeeInvis .   Y - +2 hand axe
rCold   . . .      Faith    .   (no shield)
rNeg    + . .      Spirit   .   k - +0 scale mail
rPois   inf        Reflect  .   n - +0 helmet
rElec   +          Harm     .   (no cloak)
rCorr   .          Rampage  .   (no gloves)
Will    +....                   (no boots)
Stlth   +.........              (no amulet)
HPRegen 0.09/turn               m - ring of willpower
MPRegen 0.09/turn               (no ring)

@: no status effects
A: sickness immunity, AC +3, negative energy resistance 1, electricity
resistance, torment resistance 1, petrification resistance
a: no special abilities


You were on level 4 of the Dungeon.
You visited 1 branch of the dungeon, and saw 5 of its levels.

You collected 196 gold pieces.


Innate Abilities, Weirdness & Mutations

You are immune to sickness and miasma.
Your stone body is resilient. (AC +3)
You are immune to poison.
You resist negative energy. (rN+)
You are resistant to electric shocks. (rElec)
You are resistant to unholy torment.
You are immune to petrification.


   Skills:
 - Level 3.2 Fighting
 + Level 4.1 Axes
 - Level 1.0 Throwing
 - Level 1.0 Armour
 - Level 1.5 Dodging
 - Level 5.4 Stealth


You had 3 spell levels left.
You didn't know any spells.
Your spell library was empty.

Inventory:

Hand Weapons
 a - a +0 flail
 Y - a +2 hand axe (weapon)
Armour
 k - a +0 scale mail (worn)
 n - a +0 helmet (worn)
Jewellery
 e - a ring of fire
 m - a ring of willpower (left hand)
Wands
 g - a wand of digging (3)
Scrolls
 i - a scroll of identify
Potions
 b - a potion of degeneration {unknown}
 c - a potion of flight {unknown}
 d - 3 potions of curing
 f - a potion of haste
 j - a potion of magic {unknown}
 o - a potion of mutation {unknown}

Dungeon Overview and Level Annotations

Branches:
Dungeon (5/15)
 Temple: D:4-7

Altars:

Annotations:
D:4 Edmund


Message History

You feel much better.
The ogre hits you with a +0 giant spiked club!!
Ouch! That really hurt!
You slash the ogre!
The ogre is heavily wounded.
The ogre closely misses you.
You hit the ogre.
The ogre is severely wounded.
Your surroundings suddenly seem different.
You start resting.
HP restored.
Edmund the Younger comes into view.
He is wielding a +1 vorpal dire flail.
Edmund moves out of view.
You hit Edmund.
Edmund is lightly wounded.
Edmund barely misses you.
You barely miss Edmund.
Edmund is lightly wounded.
Edmund says, "People will remember me!
They'll remember me and die!"
Edmund hits you but does no damage.
You hit Edmund.
Edmund is lightly wounded.
Edmund hits you but does no damage.
You hit Edmund.
Edmund is moderately wounded.
Edmund hits you with a +1 vorpal dire flail!
You barely miss Edmund.
Edmund is moderately wounded.
Edmund closely misses you.
You hit Edmund.
Edmund is moderately wounded.
Edmund hits you but does no damage.
You hit Edmund but do no damage.
Edmund is moderately wounded.
Edmund hits you with a +1 vorpal dire flail!
Edmund hits you with a +1 vorpal dire flail.
You hit Edmund but do no damage.
Edmund is moderately wounded.
Edmund hits you with a +1 vorpal dire flail.
You die...

.... ######
###########
#..#.....~#
#..@.....~#
#.@###.####
#.## ...#
#.... #####


You could see Edmund.

Vanquished Creatures
  Terence (D:2)
  2 adders
  A shadow imp (D:3)
  A worm (D:2)
  4 dart slugs
  6 endoplasms
  2 giant cockroaches (D:3)
  2 hobgoblins
  A quokka (D:3)
  10 bats
  2 frilled lizards
  2 giant cockroach zombies (D:2)
  3 goblins
  2 kobolds
  A quokka skeleton (D:2)
  14 rats
54 creatures vanquished.

Notes
Turn   | Place    | Note
-------+----------+-------------------------------------------
     0 | D:5      | qw the Gargoyle Delver began the quest for the Orb.
     0 | D:5      | Reached XP level 1. HP: 14/14 MP: 1/1
     0 | D:5      | 0 ||| qw: Version: 0.1-a-116-g5d60599
     0 | D:5      | 0 ||| qw: Game counter: 8527
     0 | D:5      | 0 ||| qw: Always use a shield: true
     0 | D:5      | 0 ||| qw: God list: Okawaru
     0 | D:5      | 0 ||| qw: Allow faded altars: false
     0 | D:5      | 0 ||| qw: Do Orc after D:15 true
     0 | D:5      | 0 ||| qw: Do second Lair branch before Depths: true
     0 | D:5      | 0 ||| qw: Lair rune preference: random
     0 | D:5      | 0 ||| qw: Plans: Normal
     0 | D:5      | 0 ||| PLANNING D:1-11
     7 | D:5      | 7 ||| DROPPING scroll of fog.
     8 | D:5      | 8 ||| DROPPING scroll of magic mapping.
     9 | D:5      | 9 ||| DROPPING scroll of fear.
    45 | D:4      | 45 ||| READING scroll labelled EMMEOMAC BAST.
   322 | D:3      | Reached XP level 2. HP: 19/19 MP: 2/2
   523 | D:3      | 523 ||| READING scroll labelled XADYGOE SYUCLE.
   524 | D:3      | 524 ||| READING scroll labelled YZXITA YSEUN.
   586 | D:2      | 586 ||| Stepping ~*~*~tactically~*~*~ (stealth).
   588 | D:2      | 588 ||| Stepping ~*~*~tactically~*~*~ (stealth).
   590 | D:2      | 590 ||| Stepping ~*~*~tactically~*~*~ (stealth).
   592 | D:2      | 592 ||| Stepping ~*~*~tactically~*~*~ (stealth).
   594 | D:2      | 594 ||| Stepping ~*~*~tactically~*~*~ (stealth).
   596 | D:2      | 596 ||| Stepping ~*~*~tactically~*~*~ (stealth).
   701 | D:1      | Reached skill level 3 in Axes
   984 | D:1      | 984 ||| Stepping ~*~*~tactically~*~*~ (hiding).
  1086 | D:1      | 1086 ||| Stepping ~*~*~tactically~*~*~ (hiding).
  1188 | D:1      | 1188 ||| Stepping ~*~*~tactically~*~*~ (hiding).
  1290 | D:1      | 1290 ||| Stepping ~*~*~tactically~*~*~ (hiding).
  1392 | D:1      | 1392 ||| Stepping ~*~*~tactically~*~*~ (hiding).
  1494 | D:1      | 1494 ||| Stepping ~*~*~tactically~*~*~ (hiding).
  1596 | D:1      | 1596 ||| Stepping ~*~*~tactically~*~*~ (hiding).
  1698 | D:1      | 1698 ||| Stepping ~*~*~tactically~*~*~ (hiding).
  1800 | D:1      | 1800 ||| Stepping ~*~*~tactically~*~*~ (hiding).
  1902 | D:1      | 1902 ||| Stepping ~*~*~tactically~*~*~ (hiding).
  2004 | D:1      | 2004 ||| Stepping ~*~*~tactically~*~*~ (hiding).
  2013 | D:1      | Reached XP level 3. HP: 23/23 MP: 3/3
  2162 | D:1      | 2162 ||| Stepping ~*~*~tactically~*~*~ (stealth).
  2429 | D:1      | 2429 ||| Stepping ~*~*~tactically~*~*~ (stealth).
  2431 | D:1      | 2431 ||| Stepping ~*~*~tactically~*~*~ (stealth).
  2658 | D:1      | Found a faded altar of an unknown god.
  2951 | D:1      | 2951 ||| DROPPING +0 club.
  2952 | D:1      | 2952 ||| UPGRADING to +0 ring mail.
  2962 | D:1      | 2962 ||| DROPPING +0 leather armour.
  2963 | D:1      | 2963 ||| DROPPING scarf of shadows.
  2964 | D:1      | 2964 ||| UPGRADING to +0 helmet.
  2969 | D:1      | 2969 ||| READING scroll labelled JANESHROHOW.
  2984 | D:2      | Noticed Terence
  2986 | D:2      | 2986 ||| STAIRDANCE
  2991 | D:1      | Reached skill level 1 in Armour
  3013 | D:2      | HP: 5/23 [Terence/+0 flail (4)]
  3014 | D:2      | 3014 ||| READING 2 scrolls of teleportation.
  3016 | D:2      | Killed Terence
  3017 | D:2      | Reached XP level 4. HP: 7/28 MP: 4/4
  3025 | D:2      | 3025 ||| READING scroll of teleportation.
  3266 | D:2      | 3266 ||| Stepping ~*~*~tactically~*~*~ (stealth).
  3311 | D:2      | 3311 ||| Stepping ~*~*~tactically~*~*~ (stealth).
  3313 | D:2      | You fall into a shaft and drop 1 floor!
  3314 | D:3      | 3314 ||| READING scroll labelled JEWUECS NUSIQU.
  3315 | D:3      | 3315 ||| DRINKING 2 murky clear potions.
  3468 | D:2      | 3468 ||| DROPPING +0 mace.
  3633 | D:2      | 3633 ||| Stepping ~*~*~tactically~*~*~ (stealth).
  3638 | D:2      | 3638 ||| Stepping ~*~*~tactically~*~*~ (stealth).
  3640 | D:2      | 3640 ||| Stepping ~*~*~tactically~*~*~ (stealth).
  3642 | D:2      | 3642 ||| Stepping ~*~*~tactically~*~*~ (stealth).
  3645 | D:2      | 3645 ||| Stepping ~*~*~tactically~*~*~ (stealth).
  3806 | D:2      | 3806 ||| Stepping ~*~*~tactically~*~*~ (stealth).
  3811 | D:2      | 3811 ||| Stepping ~*~*~tactically~*~*~ (stealth).
  3814 | D:2      | 3814 ||| Stepping ~*~*~tactically~*~*~ (stealth).
  3816 | D:2      | 3816 ||| Stepping ~*~*~tactically~*~*~ (stealth).
  4035 | D:2      | 4035 ||| UPGRADING to +0 scale mail.
  4045 | D:2      | 4045 ||| DROPPING +0 ring mail.
  4046 | D:2      | 4046 ||| DRINKING 4 emerald potions.
  4280 | D:3      | 4280 ||| READING scroll of enchant weapon.
  4280 | D:3      | 4280 ||| ENCHANTING +1 hand axe.
  4295 | D:3      | Reached skill level 1 in Throwing
  4336 | D:3      | 4336 ||| Stepping ~*~*~tactically~*~*~ (hiding).
  4438 | D:3      | 4438 ||| Stepping ~*~*~tactically~*~*~ (hiding).
  4540 | D:3      | 4540 ||| Stepping ~*~*~tactically~*~*~ (hiding).
  4642 | D:3      | 4642 ||| Stepping ~*~*~tactically~*~*~ (hiding).
  4744 | D:3      | 4744 ||| Stepping ~*~*~tactically~*~*~ (hiding).
  4940 | D:3      | 4940 ||| Stepping ~*~*~tactically~*~*~ (stealth).
  5095 | D:3      | 5095 ||| UPGRADING to ring of willpower.
  5096 | D:3      | 5096 ||| READING 2 scrolls labelled ASYEPE OGOULU.
  5097 | D:3      | 5097 ||| READING scroll labelled BONASM KIBROADGH.
  5129 | D:4      | Noticed an ogre
  5141 | D:4      | HP: 1/28 [ogre/+0 giant spiked club (26)]
  5142 | D:4      | 5142 ||| READING scroll of teleportation.
  5143 | D:4      | 5143 ||| DRINKING potion of heal wounds.
  5396 | D:4      | Noticed Edmund
  5406 | D:4      | HP: 3/28 [Edmund/+1 vorpal dire flail (5)]
  5406 | D:4      | HP: 1/28 [Edmund/+1 vorpal dire flail (2)]
  5407 | D:4      | Slain by Edmund

Levels and vault maps discovered:
D:1:      nzn_arrival_depleted_hourglass, layout_basic,
          shapermc_ecumenical_altar_mp_vishouse
D:2:      layout_basic, serial_undead, serial_undead_b, serial_undead_e,
          serial_undead_c, serial_undead_d, kennysheep_small_spiral,
          uniq_terence
D:3:      layout_basic, st_stairs_8, minmay_misc_feat_more_columns,
          corexii_hall_statues_s
D:4:      layout_loops_corners, lemuel_zombie_altar_kikubaaqudgha,
          minmay_temple_entry_mini_moons, sigmund_edmund_badplayer
D:5:      lemuel_insect_pit, layout_cave_pools, gammafunk_ghost_mausoleum,
          serial_shops, kennysheep_mini, kennysheep_crisscross

Skill      XL: |  1  2  3  4 |
---------------+-------------+-----
Axes           | 2 3 4 |  4.1
Armour         | 1 |  1.0
Throwing       | 1 |  1.0
Fighting       | |  3.2
Dodging        | |  1.5
Stealth        | |  5.4

Action                   |  1- 3 |  4- 6 || total
-------------------------+-------+-------++-------
Melee: Hand axe          |    98 |    56 ||   154
       Punch             |     1 |       ||     1
Throw: Javelin           |       |    10 ||    10
  Use: Scroll            |     5 |     6 ||    11
       Potion            |       |     3 ||     3
 Stab: Sleeping          |     1 |       ||     1
Armor: Leather armour    |    29 |       ||    29
       Ring mail         |     6 |     3 ||     9
       Scale mail        |       |    16 ||    16
Dodge: Dodged            |    68 |    20 ||    88

Table legend:
 A = Non-vault XP
 B = Vault XP
 C = Vault XP percentage of total XP
 D = Non-vault monster count
 E = Vault monster count
 F = Vault count percentage of total count
                 A         B        C        D         E       F
            +---------+---------+-------+---------+---------+-------
      Total |     116 |      44 |  27.5 |      48 |       6 |  11.1
            +---------+---------+-------+---------+---------+-------
        D:1 |      32 |       0 |   0.0 |      12 |       0 |   0.0
        D:2 |      24 |      41 |  63.1 |      14 |       4 |  22.2
        D:3 |      60 |       3 |   4.8 |      22 |       2 |   8.3
            +---------+---------+-------+---------+---------+-------
